 Dungeon Crawl Stone Soup version 0.28-a0-172-g787e458d71 (webtiles) character file.

Game seed: 14227821705732353200

289 dolemite99 the Cleaver (level 6, -8/51 HPs)
             Began as a Hill Orc Fighter on Aug 17, 2021.
             Mangled by an ogre (14 damage)
             ... on level 4 of the Dungeon.
             The game lasted 00:02:38 (3597 turns).

dolemite99 the Cleaver (Hill Orc Fighter)           Turns: 3597, Time: 00:02:40

Health: -8/51      AC:  6    Str: 21    XL:     6   Next: 31%
Magic:  6/6        EV:  7    Int:  8    God:
Gold:   199        SH:  8    Dex: 10    Spells: 5/5 levels left

rFire   . . .      SeeInvis .   a - +3 war axe
rCold   . . .      Faith    .   c - +0 kite shield
rNeg    + . .      Spirit   .   b - +0 scale mail
rPois   .          Reflect  .   (no helmet)
rElec   .          Harm     .   (no cloak)
rCorr   .          Rampage  .   (no gloves)
Will    .....                   (no boots)
Stlth   ..........              z - amulet of magic regeneration
HPRegen 0.17/turn               g - ring of positive energy
MPRegen 0.35/turn               (no ring)

@: no status effects
A: no striking features
a: no special abilities


You were on level 4 of the Dungeon.
You visited 1 branch of the dungeon, and saw 4 of its levels.

You collected 199 gold pieces.

Inventory:

Hand Weapons
 a - a +3 war axe (weapon)
 i - a +0 hunting sling
 w - a +2 dagger of venom
 y - a +0 war axe
Missiles
 d - 6 boomerangs
 o - 108 stones (quivered)
 q - 7 silver javelins
 r - 52 sling bullets
 x - 15 bolts
 C - 23 arrows
Armour
 b - a +0 scale mail (worn)
 c - a +0 kite shield (worn)
Jewellery
 g - a ring of positive energy (left hand)
 z - an amulet of magic regeneration (around neck)
Wands
 s - a wand of flame (47)
 v - a wand of acid (2)
Scrolls
 e - 2 scrolls of identify {unknown}
 h - a scroll of teleportation {unknown}
 k - a scroll of holy word {unknown}
 l - a scroll of magic mapping
 m - a scroll of blinking {unknown}
 n - a scroll of acquirement {unknown}
 p - a scroll of noise {unknown}
 t - a scroll of enchant armour {unknown}
Potions
 f - 3 potions of curing {unknown}
 j - 2 potions of heal wounds {unknown}
 u - a potion of flight {unknown}
 A - a potion of haste {unknown}
 B - a potion of mutation {unknown}


   Skills:
 - Level 3.6 Fighting
 + Level 8.5 Axes
 - Level 3.2 Armour
 - Level 3.2 Shields


You had 5 spell levels left.
You didn't know any spells.
Your spell library contained the following spells:

 Spells                   Type           Power      Damage    Failure   Level
 Slow                     Hex            0%         N/A       100%        2
 Confusing Touch          Hex            0%         N/A       100%        3
 Vampiric Draining        Necr           0%         2d6       100%        3


Dungeon Overview and Level Annotations

Branches:
Dungeon (4/15)
 Temple: D:4-7

Altars:
Cheibriados
Dithmenos


Message History

You kill the iron imp!
Found a snail-covered altar of Cheibriados.
Found an escape hatch in the ceiling.
You start resting.
HP restored.
You start waiting.
Done waiting.
You open the door.
There is an open door here.
There is a snail-covered altar of Cheibriados here.
There is an open door here.
f - 3 metallic blue potions (gained 1)
A ball python comes into view.
The ball python hisses angrily.
The ball python bites you but does no damage.
The ball python closely misses you.
You slash the ball python!
You kill the ball python!
You see here a ball python corpse.
You see here 23 arrows.
C - 23 arrows An ogre comes into view. It is wielding a +0 giant club.
The ogre shouts!
You hit the ogre.
The ogre is lightly wounded.
You block the ogre's attack.
You slash the ogre!
The ogre is heavily wounded.
The ogre hits you with a +0 giant club.
You hit the ogre.
The ogre is heavily wounded.
The ogre hits you with a +0 giant club!!
You hit the ogre.
The ogre is severely wounded.
The ogre hits you with a +0 giant club!!
* * * LOW HITPOINT WARNING * * *
You closely miss the ogre.
The ogre is severely wounded.
The ogre hits you with a +0 giant club!
You die...

#.# #.# #............... #.# #.#
########.##....#...# #.# #.#
#..............##.## #.# #.#
*.#####...........# #.#
###.#####.# #...........## #.#
#.........# #.............
#.###.#....##.# #...##...#.###
#.....###...#.#####...##........
#..............@......##...#.###
##.######....#O###.#..###....#
*#.# ##.#.#.**#.##.##.###.###
*..# *.#.#.,,..#.....# #....
#.## *,*,##*##.##.##.###.##. #.*
*,,,,,,,#.##.###....#.# #.*
***,***,#.............# *,*
*,,,,,..#######.....# *,*
*****,*,******######.


You could see an ogre.

Vanquished Creatures
  An ogre (D:4)
  2 centaur skeletons (D:4)
  A hound (D:4)
  An iron imp (D:4)
  An orc wizard (D:3)
  A hound skeleton (D:4)
  A worm (D:3)
  6 orcs
  2 ball pythons
  An endoplasm (D:2)
  2 giant cockroaches
  5 goblins
  A hobgoblin (D:2)
  7 jackals (D:1)
  6 quokkas
  4 bats
  2 frilled lizards (D:1)
  3 kobolds
47 creatures vanquished.

Vanquished Creatures (others)
  3 plants (D:1)
3 creatures vanquished.

Grand Total: 50 creatures vanquished

Notes
Turn   | Place    | Note
-------+----------+-------------------------------------------
     0 | D:1      | dolemite99 the Hill Orc Fighter began the quest for the
                  | Orb.
     0 | D:1      | Reached XP level 1. HP: 19/19 MP: 1/1
   186 | D:1      | Reached skill level 3 in Axes
   310 | D:1      | Reached XP level 2. HP: 26/26 MP: 2/2
   499 | D:1      | Reached skill level 4 in Axes
   557 | D:1      | Reached XP level 3. HP: 27/31 MP: 3/3
  1750 | D:3      | Reached skill level 5 in Axes
  1761 | D:3      | Reached XP level 4. HP: 21/39 MP: 4/4
  2064 | D:3      | Found a shadowy altar of Dithmenos.
  2581 | D:4      | Noticed an ogre
  2587 | D:4      | Killed an ogre
  2588 | D:4      | Reached skill level 7 in Axes
  2588 | D:4      | Reached XP level 5. HP: 4/45 MP: 5/5
  2923 | D:4      | Noticed a wyvern
  3169 | D:4      | Reached skill level 8 in Axes
  3169 | D:4      | Reached XP level 6. HP: 50/51 MP: 6/6
  3313 | D:4      | Found a snail-covered altar of Cheibriados.
  3597 | D:4      | Mangled by an ogre

Illustrated notes

Levels and vault maps discovered:
D:1:      matt_arrival_diagonals, layout_basic, serial_bayou_pond_a
D:2:      layout_loops_corners
D:3:      layout_basic, general_overflow_altar
D:4:      layout_loops_ring, chei_slow_surprise, lightli_corner_chamber

Skill      XL: |  1  2  3  4  5 |
---------------+----------------+-----
Axes           | 3 4 5 7 8 |  8.5
Fighting       | |  3.6
Armour         | |  3.2
Shields        | |  3.2

Action                   |  1- 3 |  4- 6 || total
-------------------------+-------+-------++-------
Melee: War axe           |    66 |    61 ||   127
Throw: Stone             |     5 |     6 ||    11
  Use: Potion            |       |     1 ||     1
       Scroll            |       |     1 ||     1
Armor: Scale mail        |    36 |    26 ||    62
Dodge: Dodged            |    20 |    14 ||    34
Block: Kite shield       |    29 |    25 ||    54

Table legend: (Time is in decaauts)
 A = Elapsed time spent in this place.
 B = Non-inter-level travel time spent in this place.
 C = Inter-level travel time spent in this place.
 D = Time resting spent in this place.
 E = Time spent auto-exploring this place.
 F = Levels seen in this place.
 G = Mean time per level.
                   A        B        C        D        E       F      G
               +--------+--------+--------+--------+--------+-----+--------+
         Total |   3657 |   3493 |    164 |    404 |   2613 |   4 |  914.2 |
       Dungeon |   3657 |   3493 |    164 |    404 |   2613 |   4 |  914.2 |
               +--------+--------+--------+--------+--------+-----+--------+

Top non-repeatable levels by time:
     D:4: 1035 daAuts
     D:1: 927 daAuts
     D:3: 869 daAuts
     D:2: 824 daAuts
